[Event "9th Bangabandhu Blitz Men 2021"]
[Site "Dhaka"]
[Date "2021.04.03"]
[Round "7.3"]
[White "Rahman, Taibur"]
[Black "Mohammad Fahad, Rahman"]
[Result "0-1"]
[ECO "D35"]
[WhiteElo "2189"]
[BlackElo "2321"]
[Annotator "ChessBase"]
[PlyCount "53"]
[EventDate "2021.04.02"]
[EventType "swiss"]
[EventCountry "BAN"]
[SourceTitle "playchess.com"]
[Source "ChessBase"]
[SourceQuality "1"]
[TimeControl "1500+10"]

1. d4 d5 2. c4 c6 3. Nf3 Nf6 4. Nc3 e6 5. Bg5 Nbd7 6. cxd5 exd5 7. e3 h6 8. Bh4 g5 9. Bg3 Nh5 10. Bd3 Nxg3 11. hxg3 Bg7 12. Qc2 Nb6 13. O-O-O Be6 14. Kb1 Qe7 15. Na4 O-O-O 16. Rc1 Kb8 17. Nc5 Bc8 18. Qb3 h5 19. a4 Ka8 20. a5 Nd7 21. a6 b6 22. Nxd7 Bxd7 23. Rhe1 f5 24. Rc2 h4 25. gxh4 g4 26. Nd2 Bxd4 27. Rec1 0-1

[Event "9th Bangabandhu Blitz Men 2021"]
[Site "Dhaka"]
[Date "2021.04.03"]
[Round "7.4"]
[White "Mehdi Hasan Parag"]
[Black "Reefat, Bin-Sattar"]
[Result "0-1"]
[ECO "C11"]
[WhiteElo "2192"]
[BlackElo "2401"]
[Annotator "ChessBase"]
[PlyCount "88"]
[EventDate "2021.04.02"]
[EventType "swiss"]
[EventCountry "BAN"]
[SourceTitle "playchess.com"]
[Source "ChessBase"]
[SourceQuality "1"]
[TimeControl "1500+10"]

1. e4 e6 2. d4 d5 3. Nc3 Nf6 4. e5 Nfd7 5. f4 c5 6. Nf3 Nc6 7. Be3 Be7 8. dxc5 Nxc5 9. Qd2 a6 10. Nd4 Bd7 11. O-O-O Nxd4 12. Bxd4 Rc8 13. Kb1 b5 14. Bd3 b4 15. Ne2 Qa5 16. g4 Nxd3 17. cxd3 h5 18. h3 Bb5 19. Rc1 Kd7 20. f5 hxg4 21. hxg4 Rxc1+ 22. Rxc1 Rh2 23. Qe3 Qa4 24. b3 Qa5 25. fxe6+ fxe6 26. Bb2 Ke8 27. Nd4 Bd7 28. Nf3 Rh3 29. Qf4 Qb5 30. Rd1 Qc6 31. Nd4 Qb7 32. Qf1 Rh8 33. Qf2 Qb6 34. Rf1 Rf8 35. Qe2 Rxf1+ 36. Qxf1 Bc5 37. Nc2 Bb5 38. Qh3 Be7 39. Qh5+ Kd7 40. Qh3 Qg1+ 41. Bc1 Qd1 42. d4 Bg5 43. Ne3 Bd3+ 44. Kb2 Bxe3 0-1

[Event "9th Bangabandhu Blitz Men 2021"]
[Site "Dhaka"]
[Date "2021.04.03"]
[Round "7.5"]
[White "Masum, Hossain"]
[Black "Islam, Khandaker Aminul"]
[Result "0-1"]
[ECO "E22"]
[WhiteElo "2061"]
[BlackElo "2210"]
[Annotator "ChessBase"]
[PlyCount "61"]
[EventDate "2021.04.02"]
[EventType "swiss"]
[EventCountry "BAN"]
[SourceTitle "playchess.com"]
[Source "ChessBase"]
[SourceQuality "1"]
[TimeControl "1500+10"]

1. c4 Nf6 2. Nc3 e6 3. d4 Bb4 4. Qb3 c5 5. Nf3 Na6 6. e3 O-O 7. Bd3 d5 8. a3 Ba5 9. O-O cxd4 10. exd4 dxc4 11. Bxc4 Nc7 12. Bg5 h6 13. Bh4 Bxc3 14. bxc3 b6 15. Ne5 Bb7 16. Rae1 Ncd5 17. f4 a6 18. f5 b5 19. Bd3 exf5 20. Rxf5 Qc7 21. Bxf6 Nxf6 22. Rxf6 gxf6 23. Ng4 Qf4 24. Qd1 Kh8 25. Rf1 Qg5 26. Rxf6 h5 27. Rf5 Qg6 28. Rxh5+ Qxh5 29. Qe2 Qg5 30. h4 Qg7 31. Qe3 0-1

[Event "9th Bangabandhu Blitz Men 2021"]
[Site "Dhaka"]
[Date "2021.04.03"]
[Round "7.7"]
[White "Hossain, Delwar"]
[Black "Mohammed Abdul, Malek"]
[Result "0-1"]
[ECO "B50"]
[WhiteElo "2054"]
[BlackElo "2125"]
[Annotator "ChessBase"]
[PlyCount "78"]
[EventDate "2021.04.02"]
[EventType "swiss"]
[EventCountry "BAN"]
[SourceTitle "playchess.com"]
[Source "ChessBase"]
[SourceQuality "1"]
[TimeControl "1500+10"]

1. e4 c5 2. Nf3 d6 3. Bc4 Nf6 4. e5 dxe5 5. Nxe5 e6 6. O-O a6 7. a4 Bd6 8. f4 Bxe5 9. fxe5 Qd4+ 10. Kh1 Ng4 11. Qe2 Nxe5 12. Na3 Nbc6 13. c3 Qh4 14. d4 cxd4 15. Rf4 Qe7 16. cxd4 Ng6 17. Re4 O-O 18. d5 f5 19. Re3 Nd4 20. Qf1 b5 21. axb5 axb5 22. Bxb5 Nxb5 23. Qxb5 f4 24. Re1 f3 25. gxf3 Rxf3 26. Qc6 Bb7 27. Qc4 Bxd5 28. Qxd5 exd5 29. Rxe7 Nxe7 30. Bg5 Nf5 31. Rd1 h6 32. Bc1 Rc8 33. Kg2 Nh4+ 34. Kg1 d4 35. Nb5 d3 36. Nc3 Ra8 37. Bd2 Rf7 38. Be1 Nf3+ 39. Kg2 Rb8 0-1

[Event "9th Bangabandhu Blitz Men 2021"]
[Site "Dhaka"]
[Date "2021.04.03"]
[Round "7.8"]
[White "Rahman, Syed Mahfuzur"]
[Black "Zia, Tahsin Tajwar"]
[Result "0-1"]
[ECO "D31"]
[WhiteElo "2206"]
[BlackElo "2170"]
[Annotator "ChessBase"]
[PlyCount "72"]
[EventDate "2021.04.02"]
[EventType "swiss"]
[EventCountry "BAN"]
[SourceTitle "playchess.com"]
[Source "ChessBase"]
[SourceQuality "1"]
[TimeControl "1500+10"]

1. d4 d5 2. c4 e6 3. Nc3 a6 4. a4 Bb4 5. Qb3 Nc6 6. Nf3 h6 7. Bd2 Nf6 8. e3 O-O 9. Bd3 Qe7 10. Qc2 Rd8 11. O-O dxc4 12. Bxc4 Na5 13. Ba2 c5 14. Rfd1 b6 15. Ne4 Nxe4 16. Qxe4 Bb7 17. Qc2 Rac8 18. Bxb4 cxb4 19. Qd3 Qf6 20. Ne5 Qg5 21. Qf1 b3 22. Bb1 f6 23. Nd3 Nc4 24. h3 Qd5 25. Nf4 Qc6 26. Bd3 Nxb2 27. Rdc1 Qd7 28. Bg6 b5 29. axb5 axb5 30. Rxc8 Rxc8 31. Rb1 Nc4 32. Qd3 b2 33. Be4 Bxe4 34. Qxe4 Nd2 35. Qd3 Nxb1 36. Qxb1 Rc1+ 0-1

[Event "9th Bangabandhu Blitz Men 2021"]
[Site "Dhaka"]
[Date "2021.04.03"]
[Round "8.1"]
[White "Mohammad Fahad, Rahman"]
[Black "Hossain, Enamul"]
[Result "0-1"]
[ECO "C16"]
[WhiteElo "2321"]
[BlackElo "2404"]
[Annotator "ChessBase"]
[PlyCount "76"]
[EventDate "2021.04.02"]
[EventType "swiss"]
[EventCountry "BAN"]
[SourceTitle "playchess.com"]
[Source "ChessBase"]
[SourceQuality "1"]
[TimeControl "1500+10"]

1. e4 e6 2. d4 d5 3. Nc3 Bb4 4. e5 b6 5. a3 Bf8 6. f4 h5 7. Nf3 Nh6 8. Be3 Ba6 9. Bxa6 Nxa6 10. Qe2 Nb8 11. O-O Nf5 12. Bf2 Be7 13. Nd1 Qd7 14. Ne3 g6 15. Nxf5 gxf5 16. Ng5 Bxg5 17. fxg5 Nc6 18. b3 Ne7 19. c4 Kf8 20. Rac1 Kg7 21. Be3 Kg6 22. Qd3 Rhd8 23. Rf4 c6 24. Rh4 Rh8 25. Rf1 Rab8 26. Kh1 dxc4 27. bxc4 b5 28. Rc1 bxc4 29. Qxc4 Qd5 30. Qa6 Rb2 31. Qf1 Qb5 32. Qg1 Nd5 33. Bf2 Rb8 34. g4 fxg4 35. h3 Qe2 36. Rf1 Qf3+ 37. Kh2 Ne3 38. hxg4 Nxf1+ 0-1

[Event "9th Bangabandhu Blitz Men 2021"]
[Site "Dhaka"]
[Date "2021.04.03"]
[Round "8.4"]
[White "Reefat, Bin-Sattar"]
[Black "Rahman, Ziaur"]
[Result "0-1"]
[ECO "C02"]
[WhiteElo "2401"]
[BlackElo "2432"]
[Annotator "RC"]
[PlyCount "88"]
[EventDate "2021.04.02"]
[EventType "swiss"]
[EventCountry "BAN"]
[SourceTitle "playchess.com"]
[Source "ChessBase"]
[SourceQuality "1"]
[TimeControl "1500+10"]

1. e4 e6 2. d4 d5 3. e5 c5 4. c3 Nc6 5. Nf3 Qb6 6. a3 c4 7. Nbd2 Na5 8. g3 Bd7 9. h4 Ne7 10. h5 h6 11. Bh3 Qc7 12. Rb1 Nc8 13. Qe2 Nb6 14. Nf1 O-O-O 15. N1h2 Kb8 16. Bf4 Nb3 17. g4 Be7 18. Nd2 Ka8 19. Bg3 Nxd2 20. Qxd2 g6 21. Bf4 Rdg8 22. Nf3 Qd8 23. Ke2 Ba4 24. Rbg1 Nd7 25. Bf1 g5 26. Bg3 f6 27. exf6 Bxf6 28. Bg2 Re8 29. Ne5 Bxe5 30. Bxe5 Nxe5 31. dxe5 Rhf8 32. Rh3 Qc7 33. Re3 Rf4 34. f3 Rd8 35. Rc1 a5 36. Kf2 Qb6 37. Kg3 Ka7 38. Bf1 Qc5 39. Be2 Bc6 40. Bd1 d4 41. cxd4 Rfxd4 42. Qe1 Rxd1 43. Rxd1 Rxd1 44. Qf2 Rd3 0-1

[Event "9th Bangabandhu Blitz Men 2021"]
[Site "Dhaka"]
[Date "2021.04.03"]
[Round "8.5"]
[White "Zia, Tahsin Tajwar"]
[Black "Mohammed Abdul, Malek"]
[Result "1-0"]
[ECO "A85"]
[WhiteElo "2170"]
[BlackElo "2125"]
[Annotator "NA"]
[PlyCount "60"]
[EventDate "2021.04.02"]
[EventType "swiss"]
[EventCountry "BAN"]
[SourceTitle "playchess.com"]
[Source "ChessBase"]
[SourceQuality "1"]
[TimeControl "1500+10"]

1. d4 e6 2. Nf3 f5 3. Bf4 Nf6 4. e3 b6 5. Be2 Bb7 6. c4 Be7 7. Nc3 O-O 8. h3 Bb4 9. Qc2 Ne4 10. g4 d6 11. gxf5 exf5 12. d5 Bxc3+ 13. bxc3 Na6 14. Nd4 Bc8 15. h4 Nac5 16. f3 Nf6 17. h5 Ne8 18. O-O-O Qe7 19. Rdg1 Kh8 20. Bg5 Qf7 21. Rh2 a6 22. Nc6 Bd7 23. Ne7 b5 24. Ng6+ Kg8 25. Nxf8 Qxf8 26. Qd2 bxc4 27. Qd4 Rb8 28. Rhg2 a5 29. Bh6 Kf7 30. Bxg7 Qe7 1-0

[Event "9th Bangabandhu Blitz Men 2021"]
[Site "Dhaka"]
[Date "2021.04.03"]
[Round "8.6"]
[White "Uddin, Saif"]
[Black "Ahmed, Sheikh Nasir"]
[Result "0-1"]
[ECO "B22"]
[WhiteElo "1894"]
[BlackElo "2176"]
[Annotator "ChessBase"]
[PlyCount "58"]
[EventDate "2021.04.02"]
[EventType "swiss"]
[EventCountry "BAN"]
[SourceTitle "playchess.com"]
[Source "ChessBase"]
[SourceQuality "1"]
[TimeControl "1500+10"]

1. e4 c5 2. Nf3 e6 3. c3 Nf6 4. e5 Nd5 5. d4 cxd4 6. Qxd4 Nc6 7. Qe4 f5 8. exf6 Nxf6 9. Qc2 Be7 10. Bd3 d5 11. O-O e5 12. Bb5 Qc7 13. Re1 e4 14. Nd4 O-O 15. Nxc6 bxc6 16. Bf1 Ng4 17. g3 Rxf2 18. Re2 Bc5 19. Rxf2 Nxf2 20. Bf4 Nd3+ 21. Kh1 Nxf4 22. gxf4 Qxf4 23. Nd2 Qf2 24. Bg2 e3 25. Qa4 exd2 26. Qxc6 Qe1+ 27. Bf1 Rb8 28. Qxd5+ Be6 29. Qxc5 Qxa1 0-1

[Event "9th Bangabandhu Blitz Men 2021"]
[Site "Dhaka"]
[Date "2021.04.03"]
[Round "8.7"]
[White "Asaduzzaman, Ahad"]
[Black "Rahman, Taibur"]
[Result "0-1"]
[ECO "A36"]
[WhiteElo "1742"]
[BlackElo "2189"]
[Annotator "ChessBase"]
[PlyCount "64"]
[EventDate "2021.04.02"]
[EventType "swiss"]
[EventCountry "BAN"]
[SourceTitle "playchess.com"]
[Source "ChessBase"]
[SourceQuality "1"]
[TimeControl "1500+10"]

1. e4 c5 2. c4 Nc6 3. Nc3 g6 4. g3 Bg7 5. Bg2 Nf6 6. Nge2 d6 7. O-O O-O 8. h3 h5 9. Rb1 h4 10. g4 Rb8 11. a3 Ne5 12. d3 Nfd7 13. f4 Nc6 14. b4 Nd4 15. Be3 b6 16. f5 Bb7 17. Nd5 Bxd5 18. exd5 a6 19. Nxd4 cxd4 20. Bf4 Rc8 21. Qe1 b5 22. cxb5 axb5 23. Qxh4 Rc3 24. Be4 Nf6 25. Bh6 Nxe4 26. Bxg7 Kxg7 27. dxe4 Rh8 28. f6+ exf6 29. Qf2 Rhxh3 30. Qxd4 Rcd3 31. Qa7 Qe8 32. Rbe1 Qe5 0-1

[Event "9th Bangabandhu Blitz Men 2021"]
[Site "Dhaka"]
[Date "2021.04.03"]
[Round "8.8"]
[White "Masum, Hossain"]
[Black "Mehdi Hasan Parag"]
[Result "1-0"]
[ECO "E22"]
[WhiteElo "2061"]
[BlackElo "2192"]
[Annotator "ChessBase"]
[PlyCount "114"]
[EventDate "2021.04.02"]
[EventType "swiss"]
[EventCountry "BAN"]
[SourceTitle "playchess.com"]
[Source "ChessBase"]
[SourceQuality "1"]
[TimeControl "1500+10"]

1. d4 Nf6 2. c4 e6 3. Nc3 Bb4 4. Qb3 c5 5. Nf3 O-O 6. Bg5 Na6 7. e3 cxd4 8. exd4 d5 9. cxd5 Qxd5 10. Bxf6 Qxb3 11. axb3 gxf6 12. Bxa6 bxa6 13. O-O Bb7 14. d5 Bxc3 15. bxc3 Bxd5 16. Nd4 Bb7 17. c4 Rfd8 18. Rfd1 Rd7 19. Rd2 Rad8 20. Rad1 e5 21. Nf3 Rxd2 22. Rxd2 Rxd2 23. Nxd2 a5 24. f3 Kf8 25. Kf2 Ke7 26. Ke3 Kd6 27. Kd3 Kc5 28. Kc3 f5 29. g3 f6 30. f4 h5 31. Nf1 Be4 32. Ne3 a6 33. Nd1 Bc6 34. Ne3 Be4 35. Nd1 Kc6 36. Nb2 Kd6 37. Na4 Bc6 38. Nb2 Be4 39. Na4 h4 40. Nb2 hxg3 41. hxg3 Bc6 42. Nd1 Ke6 43. Ne3 Be4 44. Nd1 Kd6 45. Ne3 Kc6 46. Nd1 Kb6 47. Ne3 Kc5 48. Nd1 Bc6 49. Ne3 exf4 50. gxf4 Be4 51. Nd1 Kc6 52. Ne3 Kb6 53. Nd1 Kc6 54. Ne3 Kc5 55. Nd1 Bc6 56. Ne3 Be4 57. Nd1 Bc6 1-0

[Event "9th Bangabandhu Blitz Men 2021"]
[Site "Dhaka"]
[Date "2021.04.03"]
[Round "9.2"]
[White "Rahman, Ziaur"]
[Black "Anata, Choudhury"]
[Result "1-0"]
[ECO "A50"]
[WhiteElo "2432"]
[BlackElo "2184"]
[Annotator "ChessBase"]
[PlyCount "84"]
[EventDate "2021.04.02"]
[EventType "swiss"]
[EventCountry "BAN"]
[SourceTitle "playchess.com"]
[Source "ChessBase"]
[SourceQuality "1"]
[TimeControl "180+2"]

1. Nf3 Nf6 2. g3 b6 3. Bg2 Bb7 4. O-O g6 5. d4 Bg7 6. c4 O-O 7. d5 Na6 8. Nc3 c6 9. e4 cxd5 10. cxd5 Nc5 11. e5 Nfe4 12. Nxe4 Nxe4 13. Re1 f5 14. Bf4 e6 15. dxe6 dxe6 16. Ng5 Qxd1 17. Raxd1 Nxg5 18. Bxg5 Bxg2 19. Kxg2 Rae8 20. h4 h6 21. Bf4 Rd8 22. a4 Kf7 23. b4 Rfe8 24. b5 Bf8 25. Kf3 h5 26. Rc1 Rc8 27. Red1 Rxc1 28. Rxc1 Bc5 29. Rd1 Re7 30. Bg5 Rc7 31. Rd8 Be7 32. Ra8 Rc3+ 33. Be3 Rc7 34. Ke2 Bb4 35. Bg5 Be7 36. Bd2 Bc5 37. a5 bxa5 38. Bxa5 Rb7 39. Rc8 Be7 40. Ra8 Rxb5 41. Rxa7 Rxe5+ 42. Kf3 Rd5 1-0

[Event "9th Bangabandhu Blitz Men 2021"]
[Site "Dhaka"]
[Date "2021.04.03"]
[Round "9.3"]
[White "Ahmed, Sheikh Nasir"]
[Black "Mohammad Fahad, Rahman"]
[Result "0-1"]
[ECO "A04"]
[WhiteElo "2176"]
[BlackElo "2321"]
[Annotator "ChessBase"]
[PlyCount "93"]
[EventDate "2021.04.02"]
[EventType "swiss"]
[EventCountry "BAN"]
[SourceTitle "playchess.com"]
[Source "ChessBase"]
[SourceQuality "1"]
[TimeControl "180+2"]

1. e4 c5 2. Nf3 d6 3. d3 g6 4. g3 Bg7 5. Bg2 Nc6 6. O-O e6 7. c3 Nge7 8. d4 cxd4 9. cxd4 Qb6 10. d5 Ne5 11. Nc3 O-O 12. Rb1 exd5 13. Be3 Nxf3+ 14. Bxf3 d4 15. Na4 Qb4 16. a3 Qc4 17. Rc1 Qb5 18. Bxd4 Bxd4 19. Qxd4 Nc6 20. Qd1 Be6 21. b4 Ne5 22. Bg2 a5 23. Nc3 Qd7 24. Nd5 Bxd5 25. Qxd5 axb4 26. axb4 Ra4 27. Rfd1 Rxb4 28. Qxe5 Rd8 29. Qd5 Rb5 30. Qd4 Qe7 31. Rc2 Re5 32. Rcd2 b5 33. h3 Qb7 34. f4 Re6 35. e5 Qa6 36. exd6 Rdxd6 37. Qxd6 Rxd6 38. Rxd6 Qa4 39. R1d2 Qa1+ 40. Kh2 b4 41. Rb6 Qc3 42. Rd7 h5 43. Rb8+ Kg7 44. Rbb7 h4 45. Rxf7+ Kg8 46. gxh4 Qd4 47. Rfd7 0-1

[Event "9th Bangabandhu Blitz Men 2021"]
[Site "Dhaka"]
[Date "2021.04.03"]
[Round "9.4"]
[White "Islam, Khandaker Aminul"]
[Black "Zia, Tahsin Tajwar"]
[Result "0-1"]
[ECO "D00"]
[WhiteElo "2210"]
[BlackElo "2170"]
[Annotator "ChessBase"]
[PlyCount "89"]
[EventDate "2021.04.02"]
[EventType "swiss"]
[EventCountry "BAN"]
[SourceTitle "playchess.com"]
[Source "ChessBase"]
[SourceQuality "1"]
[TimeControl "180+2"]

1. d4 d5 2. Bf4 Nf6 3. e3 c6 4. Nd2 Bg4 5. f3 Bf5 6. g4 Bg6 7. h4 h5 8. g5 Nfd7 9. Bg3 e6 10. Ne2 Qb6 11. Rb1 c5 12. Bh3 Nc6 13. Nf4 Ne7 14. Nxg6 Nxg6 15. c3 Bd6 16. Bxd6 Qxd6 17. f4 Rc8 18. Bf1 Ne7 19. Be2 g6 20. Bd3 a6 21. Nf3 cxd4 22. cxd4 Qb4+ 23. Qd2 Qa4 24. b3 Qa3 25. Ke2 O-O 26. Rhc1 b5 27. Ne5 Nxe5 28. dxe5 Kg7 29. Rc2 Rxc2 30. Qxc2 Rc8 31. Qd2 Qc5 32. Rb2 d4 33. Rc2 Qd5 34. e4 Qb7 35. Qb4 Rxc2+ 36. Bxc2 Nc6 37. Qd6 d3+ 38. Bxd3 Qb6 39. f5 gxf5 40. exf5 Nd4+ 41. Kd1 Qxd6 42. exd6 Kf8 43. f6 Ke8 44. d7+ Kxd7 45. Bg6 0-1

[Event "9th Bangabandhu Blitz Men 2021"]
[Site "Dhaka"]
[Date "2021.04.03"]
[Round "9.5"]
[White "Mollah Abdullah, Al Rakib"]
[Black "Reefat, Bin-Sattar"]
[Result "1-0"]
[ECO "A43"]
[WhiteElo "2464"]
[BlackElo "2401"]
[Annotator "ChessBase"]
[PlyCount "75"]
[EventDate "2021.04.02"]
[EventType "swiss"]
[EventCountry "BAN"]
[SourceTitle "playchess.com"]
[Source "ChessBase"]
[SourceQuality "1"]
[TimeControl "180+2"]

1. d4 e6 2. g3 c5 3. Nf3 b5 4. Bg2 Bb7 5. O-O a6 6. a4 Qb6 7. Be3 Nf6 8. dxc5 Bxc5 9. Bxc5 Qxc5 10. axb5 axb5 11. Rxa8 Bxa8 12. Qd4 Qxd4 13. Nxd4 Bxg2 14. Kxg2 b4 15. Nd2 Ke7 16. Ra1 Rc8 17. Ra8 Nd5 18. e4 Nb6 19. Ra7 Nc6 20. Nxc6+ Rxc6 21. Rb7 Kd8 22. Nb3 e5 23. Na5 Rf6 24. Rb8+ Kc7 25. Re8 Re6 26. Rg8 Rg6 27. Rf8 Rf6 28. b3 g6 29. g4 Rf4 30. f3 d5 31. exd5 Nxd5 32. Nc4 e4 33. fxe4 Nc3 34. e5 Kd7 35. h3 Ne2 36. Rb8 Nd4 37. Rxb4 Nxc2 38. Nb6+ 1-0

[Event "9th Bangabandhu Blitz Men 2021"]
[Site "Dhaka"]
[Date "2021.04.03"]
[Round "9.6"]
[White "Rahman, Taibur"]
[Black "Masum, Hossain"]
[Result "0-1"]
[ECO "D28"]
[WhiteElo "2189"]
[BlackElo "2061"]
[Annotator "NA"]
[PlyCount "103"]
[EventDate "2021.04.02"]
[EventType "swiss"]
[EventCountry "BAN"]
[SourceTitle "playchess.com"]
[Source "ChessBase"]
[SourceQuality "1"]
[TimeControl "180+2"]

1. d4 d5 2. Nf3 Nf6 3. c4 dxc4 4. e3 e6 5. Bxc4 a6 6. O-O b5 7. Bd3 Bb7 8. a4 $11 b4 9. Qe2 c5 10. Rd1 Nbd7 11. e4 cxd4 12. e5 Bxf3 13. gxf3 Nd5 14. f4 a5 15. Bc4 Bc5 16. Bxd5 exd5 17. Nd2 O-O 18. Nb3 Qb6 19. Qd3 Rfd8 20. Nxd4 Bxd4 21. Qxd4 Qxd4 22. Rxd4 Nc5 23. Rd1 d4 24. Kg2 Rd5 25. Bd2 Nb3 26. Rab1 Rc8 27. Be1 d3 28. Bd2 Rc2 29. Be3 Kf8 30. Kf3 Ke7 31. Ke4 Rd7 32. Rxd3 Rxd3 33. Kxd3 Rc6 34. Rd1 Ke6 35. Ke4 Rc4+ 36. Kf3 Rc2 37. Rd6+ Ke7 38. Rb6 Rxb2 39. f5 Ra2 40. Rb7+ Ke8 41. e6 fxe6 42. fxe6 h6 43. Bf4 Nc5 44. Rb6 Rxa4 45. Bd6 Nxe6 46. Rb7 Ra2 47. Ke4 Re2+ 48. Kd5 Nd8 49. f4 Nxb7 50. Be5 b3 51. Bxg7 b2 52. Kd4 0-1

[Event "9th Bangabandhu Blitz Men 2021"]
[Site "Dhaka"]
[Date "2021.04.03"]
[Round "9.7"]
[White "Mohammed Abdul, Malek"]
[Black "Manon, Reja Neer"]
[Result "0-1"]
[ECO "B08"]
[WhiteElo "2125"]
[BlackElo "2112"]
[Annotator "ChessBase"]
[PlyCount "42"]
[EventDate "2021.04.02"]
[EventType "swiss"]
[EventCountry "BAN"]
[SourceTitle "playchess.com"]
[Source "ChessBase"]
[SourceQuality "1"]
[TimeControl "180+2"]

1. d4 Nf6 2. Nf3 d6 3. Nc3 g6 4. e4 Bg7 5. Bc4 O-O 6. Bb3 Nbd7 7. e5 dxe5 8. dxe5 Ng4 9. e6 Nde5 10. Qe2 fxe6 11. Nxe5 Nxe5 12. O-O Nc6 13. Bxe6+ Bxe6 14. Qxe6+ Kh8 15. Bg5 Nd4 16. Qe4 Qd7 17. Rad1 e5 18. Nd5 c6 19. Ne3 Qf7 20. Ng4 Qf5 21. Qxf5 gxf5 0-1

[Event "9th Bangabandhu Blitz Men 2021"]
[Site "Dhaka"]
[Date "2021.04.03"]
[Round "9.8"]
[White "Abdul, Momin"]
[Black "Mehdi Hasan Parag"]
[Result "0-1"]
[ECO "C78"]
[WhiteElo "1944"]
[BlackElo "2192"]
[Annotator "ChessBase"]
[PlyCount "56"]
[EventDate "2021.04.02"]
[EventType "swiss"]
[EventCountry "BAN"]
[SourceTitle "playchess.com"]
[Source "ChessBase"]
[SourceQuality "1"]
[TimeControl "180+2"]

1. e4 e5 2. Nf3 Nc6 3. Bb5 a6 4. Ba4 Nf6 5. O-O b5 6. Bb3 Bc5 7. d3 d6 8. h3 h6 9. c3 O-O 10. Re1 Bb6 11. Nbd2 Re8 12. Nf1 Be6 13. Bc2 d5 14. exd5 Bxd5 15. Ng3 Qd7 16. Be3 Bxe3 17. Rxe3 Rad8 18. Qe1 Re6 19. b3 Bxf3 20. Rxf3 b4 21. Nf5 Nd5 22. c4 Nf4 23. Qe4 Nd4 24. Nxd4 Qxd4 25. Qxd4 Rxd4 26. Re1 c5 27. Re4 Rxe4 28. dxe4 Rd6 0-1